Map: Ruins of Seras

Players

AlwayS - Winner!

  • Race: Terran Terran
  • League: Grandmaster

Javert

  • Race: Zerg Zerg
  • League: Grandmaster

VOD

Have the link to the VOD?

Description

Time

  • Played on: June 13, 2015, 11:12 p.m.
  • Length: 10:56
Show
View Real Time Build Order
Export as new Build Order

AlwayS Terran - Winner!

Build Orders: Reaper Expand, Mech 

Get SALT Encoding   

  12  0:01  SCV  
  13  0:14  Supply Depot  
  13  0:18  SCV  
  14  0:30  SCV  
  15  0:37  Barracks  
  15  0:43  Refinery  
  15  0:45  SCV  
  16  0:57  SCV  
  17  1:09  SCV  
  18  1:23  Orbital Command  
  18  1:26  Reaper  
  19  1:42  Command Center  
  19  1:49  SCV  
  20  1:55  Supply Depot  
  20  2:01  SCV  
  21  2:10  Factory  
  21  2:13  SCV  
  22  2:20  Barracks Reactor  
  22  2:25  SCV  
  23  2:37  SCV  
  23  2:44  Command Center  
  24  3:00  SCV  
  25  3:10  Hellion x2, Orbital Command  
  25  3:11  Bunker  
  29  3:15  SCV  
  30  3:22  Marine  
  31  3:28  SCV, Starport  
  31  3:29  Refinery  
  32  3:42  SCV  
  32  3:43  SCV  
  32  3:47  Marine  
  32  3:48  Hellion  
  37  3:49  Supply Depot  
  37  3:52  Hellion  
  37  3:54  SCV  
  40  3:56  Orbital Command  
  40  4:01  SCV  
  40  4:05  Marine  
  40  4:07  SCV, Viking  
  44  4:15  Supply Depot  
  44  4:19  SCV  
  44  4:20  SCV  
  44  4:23  Barracks Tech Lab  
  46  4:29  SCV  
  46  4:31  SCV, Refinery  
  48  4:32  Refinery  
  48  4:33  SCV  
  48  4:35  Factory  
  49  4:41  Factory  
  49  4:43  SCV, Hellion  
  49  4:45  Hellion  
  46  4:48  Supply Depot  
  46  5:05  SCV  
  46  5:06  SCV  
  48  5:16  Banshee, Cloaking Field  
  48  5:18  Supply Depot, Orbital Command  
  48  5:20  Hellion x2  
  55  5:24  Factory Tech Lab x2  
  55  5:26  SCV x2  
  57  5:36  Armory, Supply Depot  
  57  5:37  Engineering Bay  
  57  5:38  SCV  
  57  5:39  SCV  
  59  5:47  SCV  
  60  5:50  SCV  
  60  5:51  SCV  
  60  5:53  Hellion, Siege Tank x2  
  70  5:59  SCV  
  70  6:02  SCV  
  70  6:03  Bunker  
  72  6:05  SCV, Banshee  
  76  6:11  SCV  
  76  6:13  Refinery  
  76  6:15  SCV, Hellion  
  76  6:16  Hellion  
  82  6:20  Missile Turret x2  
  82  6:27  SCV  
  83  6:37  Hellion x2  
  83  6:39  SCV x2  
  89  6:46  Thor x2  
  101  6:48  Terran Vehicle Weapons Level 1  
  101  6:50  Missile Turret  
  101  7:09  Hellion x3  
  101  7:13  Supply Depot  
  101  7:15  Supply Depot  
  101  7:16  Supply Depot, SCV x2  
  101  7:17  Supply Depot  
  101  7:23  Viking  
  101  7:35  SCV x2, Hellion x2  
  107  7:39  Factory, Refinery  
  107  7:40  Factory  
  107  7:42  Missile Turret  
  103  7:44  SCV  
  103  7:47  SCV  
  103  7:48  Missile Turret  
  103  7:49  Sensor Tower  
  103  7:50  Missile Turret  
  104  7:51  Missile Turret  
  104  7:54  Missile Turret  
  104  7:57  SCV  
  105  7:59  SCV  
  105  8:01  Hi-Sec Auto Tracking  
  105  8:02  Thor x2  
  105  8:03  Hellion  
  120  8:11  SCV  
  121  8:18  SCV  
  122  8:23  SCV  
  122  8:25  Command Center  
  122  8:26  Factory Tech Lab, Factory Reactor  
  123  8:28  Hellion  
  123  8:29  Hellion  
  123  8:33  SCV  
  128  8:34  Infernal Pre-Igniter  
  128  8:35  SCV  
  128  8:36  Viking  
  131  8:45  Hellion  
  131  8:47  Thor, SCV  
  132  8:52  Siege Tank  
  132  8:53  Hellion  
  133  9:04  Supply Depot  
  133  9:07  Supply Depot x2, Armory  
  133  9:19  Hellion  
  133  9:26  Thor  
  133  9:27  Hellion  
  133  9:28  Thor  
  133  9:29  Hellion x2  
  133  9:30  Hellion  
  153  9:41  Hellion  
  153  9:48  Missile Turret  
  153  9:49  Hellion  
  153  9:50  Hellion x2  
  153  9:51  Siege Tank  
  158  9:55  Missile Turret  
  158  10:02  Hellion  
  160  10:09  Thor  
  160  10:10  Hellion  
  160  10:11  Planetary Fortress, Hellion x2  
  160  10:12  Missile Turret  
  172  10:17  Refinery  
  170  10:24  Hellion  
  172  10:33  Hellion, Missile Turret  
Show
View Real Time Build Order
Export as new Build Order

Javert Zerg 

Build Orders: Hatch First 

Get SALT Encoding   

  12  0:01  Drone  
  13  0:16  Overlord  
  13  0:22  Drone  
  14  0:35  Drone x2  
  16  0:39  Drone  
  17  0:53  Hatchery  
  16  0:57  Drone  
  16  0:59  Extractor  
  16  1:14  Spawning Pool  
  16  1:17  Drone  
  16  1:22  Drone  
  17  1:30  Drone  
  18  1:36  Drone  
  19  1:45  Overlord  
  20  1:54  Drone  
  20  2:01  Metabolic Boost  
  20  2:02  Queen  
  22  2:09  Queen  
  24  2:15  Zergling x2  
  24  2:16  Zergling x2  
  26  2:25  Zergling x4  
  26  2:29  Drone  
  30  2:30  Drone  
  30  2:37  Drone  
  30  2:38  Drone  
  31  2:59  Drone x2  
  31  3:00  Drone x2  
  34  3:13  Overlord  
  34  3:18  Zergling x4  
  36  3:31  Overlord  
  36  3:40  Drone x6  
  40  3:46  Queen x2  
  40  3:48  Overlord  
  45  4:02  Zergling x2  
  45  4:03  Zergling x14  
  52  4:15  Extractor  
  52  4:16  Extractor  
  50  4:21  Drone x4, Extractor  
  50  4:22  Drone x3  
  56  4:30  Hatchery  
  55  4:34  Drone x2  
  56  4:44  Overlord  
  55  4:49  Lair  
  55  4:51  Drone x4  
  55  4:52  Overlord x2  
  58  5:05  Drone x2  
  56  5:13  Overlord  
  53  5:24  Overlord  
  53  5:28  Extractor  
  52  5:31  Drone x7  
  52  5:33  Extractor  
  58  5:47  Spire  
  57  5:54  Zergling x2  
  57  5:55  Zergling x14  
  65  6:01  Overlord  
  65  6:02  Overlord x2  
  65  6:15  Overseer x2  
  64  6:32  Zergling x12  
  63  6:46  Spore Crawler  
  58  7:00  Spore Crawler  
  53  7:01  Mutalisk x8  
  53  7:03  Spine Crawler  
  62  7:39  Pneumatized Carapace  
  62  7:48  Mutalisk  
  62  7:49  Mutalisk x9  
  82  7:53  Hatchery  
  82  7:57  Drone x3  
  84  7:59  Hatchery  
  84  8:01  Zerg Flyer Weapons Level 1  
  79  8:18  Drone x5  
  84  8:24  Queen  
  86  8:28  Drone x6  
  86  8:29  Drone  
  86  8:33  Roach Warren  
  92  8:43  Drone x2  
  94  8:57  Drone x6  
  94  9:02  Evolution Chamber  
  99  9:03  Evolution Chamber, Queen  
  99  9:05  Queen  
  102  9:11  Drone, Overlord x3  
  102  9:12  Overlord  
  103  9:24  Glial Reconstitution  
  101  9:38  Roach x10  
  111  9:39  Roach x2  
  125  9:57  Roach x6  
  135  10:06  Overseer x2  
  135  10:16  Drone  
Tags
 
Add a new tag
Caveats
  • Supply blocks, unpowered buildings, or Contaminate may cause inaccurate times.
  • Supply counts are checked every 10 seconds.